 Dungeon Crawl Stone Soup version 0.26.1-2-gb8aa6d0cf2 (webtiles) character file.

Game seed: 11091143677155229069

6876 Groucho the Unseen (level 10, -1/44 HPs)
             Began as a Spriggan Enchanter on Feb 17, 2021.
             Was a Priest of Kikubaaqudgha.
             Slain by Urug
             ... wielding a +4 halberd
              (18 damage)
             ... on level 1 of the Lair of Beasts.
             The game lasted 00:38:33 (23230 turns).

Groucho the Unseen (Spriggan Enchanter)            Turns: 23230, Time: 00:38:33

Health: -1/44      AC:  7    Str:  7    XL:     10   Next: 78%
Magic:  15/24      EV: 24    Int: 17    God:    Kikubaaqudgha [***...]
Gold:   344        SH:  0    Dex: 15    Spells: 13/28 levels left

rFire    . . .     SeeInvis +   a - +2 dagger
rCold    . . .     Faith    .   (shield restricted)
rNeg     . . .     Spirit   .   b - +0 robe
rPois    +         Reflect  .   (helmet restricted)
rElec    .         Harm     .   n - +0 cloak
rCorr    .         Rampage  .   (gloves unavailable)
Will     +....     Rnd*Tele +   (boots unavailable)
Stlth    ++++++....             (no amulet)
HPRegen  0.54/turn              c - +4 ring of protection
MPRegen  0.19/turn              D - ring of poison resistance

@: confusing touch, very quick
A: very small, unfitting armour, see invisible, clumsy 1, speed 3, regeneration
1, screaming 1, teleportitis 1
a: Renounce Religion, Receive Corpses


You were on level 1 of the Lair of Beasts.
You worshipped Kikubaaqudgha.
Kikubaaqudgha was most pleased with you.
You visited 3 branches of the dungeon, and saw 12 of its levels.

You collected 604 gold pieces.
You spent 260 gold pieces at shops.

Inventory:

Hand Weapons
 a - a +2 dagger (weapon)
 z - a +2 rapier of holy wrath
Missiles
 q - 29 poisoned darts
 t - 3 curare-tipped darts
 I - 3 silver boomerangs
Armour
 b - a +0 robe (worn)
 n - a +0 cloak (worn)
 u - the +1 robe "Xades" {rF++ Str-2, unknown}
   (You found it on level 5 of the Dungeon)

   It affects your strength (-2).
   It greatly protects you from fire.
Jewellery
 c - a +4 ring of protection (left hand)
 d - an uncursed ring of willpower {unknown}
 e - a cursed ring of teleportation {unknown}
 f - an uncursed ring of resist corrosion {unknown}
 k - an uncursed ring of protection from cold {unknown}
 o - a cursed ring of teleportation {unknown}
 w - an uncursed ring of resist corrosion {unknown}
 y - a +6 ring of dexterity {unknown}
 D - a ring of poison resistance (right hand)
Wands
 x - a wand of digging (6)
 E - a wand of polymorph (9)
 F - a wand of enslavement (5)
 M - a wand of acid (12)
Scrolls
 i - 3 scrolls of teleportation
 p - a scroll of blinking
 s - 2 scrolls of fear {unknown}
 A - 8 scrolls of identify
 B - 2 scrolls of enchant weapon
 H - a scroll of random uselessness {unknown}
 J - a scroll of torment {unknown}
 L - a scroll of vulnerability {unknown}
 N - 2 scrolls of remove curse
Potions
 g - 3 potions of curing
 h - 2 potions of magic {unknown}
 j - 2 potions of lignification {unknown}
 l - a potion of experience {unknown}
 m - a potion of mutation
 r - a potion of brilliance {unknown}
 v - a potion of resistance
 C - a potion of flight {unknown}
 G - a potion of haste {unknown}
 K - 3 potions of might {unknown}


   Skills:
 - Level 1.1 Short Blades
 * Level 8.6 Dodging
 - Level 15.0 Stealth
 + Level 9.5 Spellcasting
 + Level 9.8 Hexes
 + Level 4.8 Necromancy


You had 13 spell levels left.
You knew the following spells:

 Your Spells              Type           Power        Failure   Level
a - Corona                Hex            45%          1%          1
b - Ensorcelled Hibernat  Hex/Ice        48%          1%          2
c - Confusing Touch       Hex            41%          1%          3
d - Tukima's Dance        Hex            41%          1%          3
e - Dazzling Flash        Conj/Hex       48%          3%          3
f - Blink                 Tloc           N/A          14%         2
g - Summon Small Mammal   Summ           32%          9%          1

Your spell library contained the following spells:

 Spells                   Type           Power        Failure   Level
 Animate Skeleton         Necr           48%          1%          1
 Pain                     Necr           96%          1%          1
 Slow                     Hex            41%          1%          2
 Sublimation of Blood     Necr           12%          1%          2
 Summon Guardian Golem    Hex/Summ       24%          3%          3
 Vampiric Draining        Necr           12%          3%          3
 Magic Dart               Conj           32%          9%          1
 Dispel Undead            Necr           24%          12%         4
 Call Imp                 Summ           8%           14%         2
 Call Canine Familiar     Summ           8%           26%         3
 Conjure Flame            Conj/Fire      8%           26%         3
 Mephitic Cloud           Conj/Pois/Air  8%           26%         3
 Agony                    Necr           24%          32%         5
 Summon Ice Beast         Ice/Summ       8%           65%         4
 Summon Lightning Spire   Summ/Air       8%           65%         4
 Borgnjor's Vile Clutch   Necr/Erth      8%           67%         5
 Death Channel            Necr           12%          88%         6
 Simulacrum               Ice/Necr       8%           99%         6


Dungeon Overview and Level Annotations

Branches:
Dungeon (9/15)             Temple (1/1) D:4            Lair (2/6) D:9
  Swamp: Lair:2-4    Shoals: Lair:2-4     Snake: Lair:2-4    Spider: Lair:2-4
    Orc: D:9-12

Altars:
Ashenzari
Cheibriados
Dithmenos
Elyvilon
Fedhas
Gozag
Hepliaklqana
Kikubaaqudgha
Makhleb
Nemelex Xobeh
Okawaru
Qazlal
Ru
Sif Muna
Trog
Uskayaw
Vehumet
Wu Jian
Xom
Yredelemnul
Zin
The Shining One

Shops:
D:7 =

Annotations:
Lair:1 Urug


Innate Abilities, Weirdness & Mutations

You are very small and have problems with some larger weapons.
You are too small for most types of armour.
You have supernaturally acute eyesight. (SInv)
You cover ground extremely quickly.
You are clumsy. (Dex -2)
Your natural rate of healing is unusually fast.
You occasionally shout uncontrollably at your foes.
You are occasionally teleported next to monsters.


Message History

Urug hits you with a +4 halberd!!
* * * LOW HITPOINT WARNING * * *
You feel better.
You feel better.
Urug seems less confused.
Urug barely misses you.
Unknown command.
Casting: Confusing Touch (safe; 1% risk of failure)
Confirm with . or Enter, or press ? or * to list all spells.
Aiming: Ensorcelled Hibernation (safe; 1% risk of failure)
Press: ? - help, Shift-Dir - straight line, f/p - Urug
Aim: Urug, wielding a +4 halberd, wearing a +0 scale mail and quivering 2 javelins (severely wounded, chance to affect: 36%)
Okay, then.
Urug closely misses you.
Casting: Ensorcelled Hibernation (safe; 1% risk of failure)
Confirm with . or Enter, or press ? or * to list all spells.
Your hands begin to glow red.
Urug throws a javelin.
The javelin misses you.
You are too injured to fight recklessly!
You are too injured to fight recklessly!
Urug hits you from afar with a +4 halberd!!
You die...
Kikubaaqudgha rasps: "You have failed me!
Welcome... death!"

.....## .....##
....... .......
...... .......
....# .......##
....##
........##
.....#
#........### ###
.....#
#........P# ..#
.†...##
##...o...## #.#
......#
###...@..##..#
.....##
#..........#
.....#
#..........(##
....##
#.............##
...##
##.............#
####
#.............#
#
#.............#
#............(#
#..........###


You could see Urug.

Vanquished Creatures
  A two-headed ogre (D:8)
  Grinder (D:6)
  3 blink frogs
  6 yaks (Lair:2)
  Eustachio (D:6)
  3 water moccasins (Lair:1)
  Duvessa (D:6)
  2 orc warriors
  5 phantoms
  4 sky beasts
  4 centaurs
  3 big kobolds
  6 bullfrogs
  2 gnoll sergeants
  Dowan (D:6)
  4 scorpions
  3 killer bees (D:8)
  3 wights (D:6)
  3 howler monkeys (D:9)
  2 bullfrog zombies
  A quasit (D:7)
  2 centaur zombies (D:7)
  6 hounds
  3 orc priests
  A bullfrog skeleton (D:5)
  A jelly (D:7)
  7 orc wizards
  2 iguanas
  8 worker ants
  A hound zombie (D:5)
  A howler monkey skeleton (D:8)
  9 gnolls
  14 adders
  A shadow imp (D:4)
  An ufetubus (D:7)
  An ooze (D:5)
  An adder skeleton (D:4)
  3 adder zombies
  6 worms
  2 dart slugs
  3 leopard geckos
  29 orcs
  2 ball pythons
  8 bats
  7 giant cockroaches
  9 goblins
  7 hobgoblins
  20 jackals
  24 kobolds
  4 quokkas
  A ball python skeleton (D:5)
  9 frilled lizards
  2 leopard gecko skeletons
  A quokka skeleton (D:5)
  9 rats
264 creatures vanquished.

Vanquished Creatures (collateral kills)
  An orc wizard (D:7)
  A gnoll (D:7)
2 creatures vanquished.

Vanquished Creatures (others)
  A dancing weapon (D:7)
  A fungus (Lair:2)
  4 plants
6 creatures vanquished.

Grand Total: 272 creatures vanquished

Notes
Turn   | Place    | Note
-------+----------+-------------------------------------------
     0 | D:1      | Groucho the Spriggan Enchanter began the quest for the Orb.
     0 | D:1      | Reached XP level 1. HP: 9/9 MP: 5/5
   505 | D:1      | Reached skill level 5 in Stealth
  1066 | D:1      | Reached XP level 2. HP: 13/13 MP: 6/6
  1687 | D:1      | Reached skill level 6 in Stealth
  1864 | D:1      | Learned a level 2 spell: Ensorcelled Hibernation
  2066 | D:2      | Found a sparkling altar of Nemelex Xobeh.
  2070 | D:2      | Reached XP level 3. HP: 16/16 MP: 8/8
  2895 | D:2      | Learned a level 3 spell: Confusing Touch
  4174 | D:2      | Reached skill level 7 in Stealth
  4276 | D:2      | Found a shimmering altar of Xom.
  4536 | D:2      | Found an iron altar of Okawaru.
  4691 | D:2      | Reached XP level 4. HP: 21/21 MP: 4/9
  4738 | D:2      | Found a faded altar of an unknown god.
  5392 | D:2      | Learned a level 3 spell: Tukima's Dance
  6493 | D:3      | Noticed a centaur
  6746 | D:3      | Killed a centaur
  6747 | D:3      | Reached skill level 8 in Stealth
  6747 | D:3      | Reached XP level 5. HP: 4/24 MP: 6/11
  7838 | D:4      | Gained mutation: You occasionally shout uncontrollably at
                  | your foes. [potion of mutation]
  7838 | D:4      | Gained mutation: You are clumsy. (Dex -2) [potion of
                  | mutation]
  7838 | D:4      | Gained mutation: You are occasionally teleported next to
                  | monsters. [potion of mutation]
  7838 | D:4      | Gained mutation: Your natural rate of healing is unusually
                  | fast. [potion of mutation]
  8045 | D:3      | Found a glowing golden altar of the Shining One.
  8233 | D:4      | Noticed a phantom
  8588 | D:4      | Killed a phantom
  8589 | D:4      | Reached skill level 9 in Stealth
  8589 | D:4      | Reached XP level 6. HP: 21/28 MP: 6/13
  8739 | D:4      | Noticed a sky beast
  8746 | D:4      | Killed a sky beast
  8747 | D:4      | Reached skill level 5 in Hexes
  8999 | D:4      | Found a staircase to the Ecumenical Temple.
  9007 | Temple   | Entered the Ecumenical Temple
  9210 | Temple   | Became a worshipper of Kikubaaqudgha
  9333 | D:4      | Reached skill level 10 in Stealth
  9333 | D:4      | Reached XP level 7. HP: 23/32 MP: 9/15
 10169 | D:4      | Found a bloodstained altar of Trog.
 10304 | D:4      | Found a burning altar of Makhleb.
 10354 | D:4      | Found a hazy altar of Hepliaklqana.
 10489 | D:4      | Reached skill level 5 in Spellcasting
 11083 | D:4      | Reached skill level 11 in Stealth
 11400 | D:5      | Entered Level 5 of the Dungeon
 11597 | D:5      | Reached XP level 8. HP: 36/36 MP: 12/17
 11716 | D:5      | Learned a level 3 spell: Dazzling Flash
 11719 | D:5      | Learned a level 2 spell: Blink
 11721 | D:5      | Learned a level 1 spell: Summon Small Mammal
 11914 | D:5      | Reached * piety under Kikubaaqudgha
 11914 | D:5      | Identified Kikubaaqudgha's Grimoire of Darkness
                  | (Kikubaaqudgha gifted it to you on level 5 of the Dungeon)
 11914 | D:5      | Received a gift from Kikubaaqudgha
 11935 | D:5      | Got a transparent robe
 12404 | D:5      | Found an iron altar of Okawaru.
 12491 | D:5      | Reached skill level 12 in Stealth
 12787 | D:6      | Noticed Grinder
 12789 | D:6      | Killed Grinder
 12853 | D:6      | Reached skill level 13 in Stealth
 13046 | D:6      | Noticed Eustachio
 13101 | D:6      | Killed Eustachio
 13189 | D:6      | Reached skill level 1 in Necromancy
 13189 | D:6      | Reached XP level 9. HP: 39/39 MP: 10/20
 13360 | D:6      | Noticed Dowan
 13361 | D:6      | Noticed Duvessa
 13368 | D:6      | Killed Duvessa
 13376 | D:6      | Killed Dowan
 13711 | D:6      | Found a basalt altar of Yredelemnul.
 14192 | D:7      | Found Ododez's Jewellery Shop.
 14198 | D:7      | Bought an uncursed ring of poison resistance for 260 gold
                  | pieces
 14277 | D:7      | Reached ** piety under Kikubaaqudgha
 14325 | D:7      | Reached skill level 14 in Stealth
 16300 | D:7      | Found an ornate altar of the Wu Jian Council.
 16945 | D:8      | Reached *** piety under Kikubaaqudgha
 16945 | D:8      | Identified Kikubaaqudgha's Compendium of Stolen Souls
                  | (Kikubaaqudgha gifted it to you on level 8 of the Dungeon)
 16945 | D:8      | Received a gift from Kikubaaqudgha
 17258 | D:9      | Reached skill level 15 in Stealth
 17674 | D:8      | Noticed a two-headed ogre
 18397 | D:8      | Killed a two-headed ogre
 18398 | D:8      | Reached skill level 5 in Dodging
 18398 | D:8      | Reached XP level 10. HP: 44/44 MP: 20/23
 20567 | D:9      | Found a sacrificial altar of Ru.
 20943 | D:9      | Found a staircase to the Lair.
 21932 | Lair:1   | Entered Level 1 of the Lair of Beasts
 22068 | Lair:2   | Noticed a cane toad
 22069 | Lair:2   | Reached **** piety under Kikubaaqudgha
 22468 | Lair:1   | HP: 1/44 [blink frog (19)]
 22812 | Lair:1   | Noticed an elephant
 22812 | Lair:1   | Noticed an elephant
 22812 | Lair:1   | Noticed an elephant
 22821 | Lair:1   | Noticed an elephant
 23189 | Lair:1   | Noticed Urug
 23222 | Lair:1   | HP: 2/44 [Urug/+4 halberd (18)]
 23230 | Lair:1   | Slain by Urug

Illustrated notes

Levels and vault maps discovered:
D:1:      minmay_arrival_shattered_statue, layout_loops_ring, st_stairs_9
D:2:      layout_loops_ring, nicolae_overflow_hidden_temple,
          general_overflow_altar, chequers_ecumenical_altar_grove,
          okawaru_trees_2
D:3:      layout_basic, nicolae_overflow_crystal_walls
D:4:      layout_cave_pods, lemuel_round_altar, old_standard_altar,
          lemuel_crystal_altar, minmay_temple_entry_wispy, st_stairs_12,
          minmay_increasing_density
D:5:      layout_loops_ring, lemuel_coloured_pillars_altar
D:6:      layout_basic, marbit_many_paths, uniq_grinder, uniq_eustachio,
          uniq_duvessa
D:7:      layout_gridville, pdpol_wu_jian_five_deadly_venoms, serial_shops,
          nicolae_shop_temple_entry_statues_fountains
D:8:      layout_loops_ring
D:9:      layout_irregular_city, nicolae_ru_great_annihilating_truth,
          lair_entry_dummy
Temple:   chequers_temple_sunken
Lair:1:   layout_cave_pods, uniq_urug
Lair:2:   gammafunk_indiana_jones, layout_loops_ring, infiniplex_staircase_pool,
          grunt_megastairs_3

Skill      XL: |  1  2  3  4  5  6  7  8  9 10 |
---------------+-------------------------------+-----
Stealth        | 5 6 7 8 9 10 11 13 15 | 15.0
Spellcasting   | 3 4 5 7 8 9 |  9.5
Hexes          | 4 5 6 7 9 |  9.8
Necromancy     | 1 3 4 |  4.8
Dodging        | 5 8 |  8.6
Short Blades   | |  1.1

Action                   |  1- 3 |  4- 6 |  7- 9 | 10-12 || total
-------------------------+-------+-------+-------+-------++-------
Melee: Dagger            |   158 |   191 |   407 |   186 ||   942
 Cast: Ensorcelled Hiber |    11 |    44 |   109 |    50 ||   214
       Confusing Touch   |     1 |    10 |    39 |    19 ||    69
       Corona            |       |     4 |     2 |     1 ||     7
       Tukima's Dance    |       |       |     6 |       ||     6
  Use: Scroll            |     2 |     4 |     1 |       ||     7
       Potion            |       |     2 |       |     3 ||     5
 Stab: Sleeping          |    20 |    27 |    73 |    33 ||   153
       Confused          |       |    10 |    35 |    11 ||    56
       Distracted        |       |       |     1 |     1 ||     2
Armor: Robe              |    12 |    15 |    67 |    22 ||   116
Dodge: Dodged            |   125 |   153 |   371 |   177 ||   826
